AoeStats
← 根本赢不了

Arabia

510263678Analyzed
1v1 RM · 1d ago on Sep 30, 2026· 32m 7s· 2 players
Game mode
Random Map
Map size
Tiny (2 player)
Population
200
Speed
Normal
Resources
Standard
Victory
Conquest
Starting age
Dark Age
Ending age
Imperial Age
RankedLock teamsTeams togetherTeam positionsShared explorationLock speedFull tech treeHidden civsTurbo modeCheats
Victory
Defeat
🇨🇳 Varangians · China
1137
+20
🇦🇹 Portuguese · Austria
1177
-18
根本赢不了
11:17 Feudal Age
9:50 Loom
12:34 Double-Bit Axe
14:53 Castle Age
16:12 Bow Saw
16:29 Stone Mining
20:01 Horse Collar
20:41 Gold Mining
25:25 Scale Barding Armor
Hellraiser
6:34 Loom
9:12 Feudal Age
12:32 Fletching
12:51 Double-Bit Axe
16:40 Padded Archer Armor
21:31 Castle Age
19:30 Horse Collar
22:33 Bodkin Arrow
22:06 Crossbowman
26:44 Husbandry
28:57 Bow Saw
31:46 Ballistics
Connection lost

Rejoining the realm…

Still unreachable

The connection could not be restored.

Session expired

The server has moved on; the page needs a fresh start.